 Dungeon Crawl Stone Soup version 0.18-a0-1140-g8540535 (webtiles) character file.

408 Reinor the Sneak (level 6, -3/42 HPs)
             Began as an Octopode Chaos Knight on Jan 21, 2016.
             Slain by Grinder the red devil (16 damage)
             ... on level 4 of the Dungeon.
             The game lasted 00:10:53 (3057 turns).

Reinor the Sneak (Octopode Chaos Knight)            Turns: 3057, Time: 00:10:53

Health: -3/42      AC:  1    Str: 11    XL:     6   Next: 88%
Magic:  6/6        EV: 12    Int: 14    God:    Xom [..*...]
Gold:   148        SH:  0    Dex: 14    Spells: 0 memorised, 5 levels left

rFire  . . .     SeeInvis .       - Unarmed
rCold  + . .     Gourm    .     (no shield)
rNeg   . . .     Faith    .     (helmet restricted)
rPois  .         Spirit   .     (no amulet)
rElec  .         Dismiss  .     e - +3 ring of slaying
rCorr  .         Reflect  .     j - ring of protection from cold
SustAt .         Harm     .     n - ring of loudness (curse)
MR     .....                    (no ring)
Stlth  ++++......               (no ring)
                                (no ring)
                                (no ring)
                                (no ring)

@: very slightly contaminated, hasted, very quick, not resistant to hostile
enchantments, stealthy
A: almost no armour, amphibious, 8 rings, constrict 8, camouflage 1, blurry
vision 1, gelatinous body 1, no device heal 1
a: Renounce Religion


You were on level 4 of the Dungeon.
You worshipped Xom.
You were a toy of Xom.
You were not hungry.

You visited 1 branch of the dungeon, and saw 4 of its levels.

You collected 148 gold pieces.

Inventory:

Jewellery
 e - a +3 ring of slaying (left tentacle)
 j - a ring of protection from cold (right tentacle)
 n - a cursed ring of loudness (on tentacle)
Scrolls
 c - 2 scrolls of remove curse
 f - a scroll of identify
 i - a scroll of amnesia
 k - a scroll of enchant armour
 l - a scroll of enchant weapon {unknown}
Potions
 g - a potion of might
 h - a potion of curing
 o - a potion of magic
Comestibles
 a - 6 bread rations
 b - a beef jerky
 d - a meat ration
 p - a chunk of flesh


   Skills:
 - Level 3.0 Fighting
 - Level 2.3 Dodging
 + Level 7.0 Stealth
 - Level 5.5 Unarmed Combat


You had 5 spell levels left.
You didn't know any spells.

Dungeon Overview and Level Annotations

Branches:
Dungeon (4/15)
 Temple: D:4-7

Altars:
Ashenzari
Okawaru
Pakellas
Trog
The Shining One

Annotations:
D:4 Grinder


Innate Abilities, Weirdness & Mutations

You cannot wear most types of armour.
You are amphibious.
You can wear up to eight rings at the same time.
You can use your tentacles to constrict eight enemies at once.
Your skin changes colour to match your surroundings (Stealth).
Your rubbery body absorbs attacks (AC +1).
Scrolls take you a little longer to read.
Potions and wands are less effective at restoring your health.


Message History

Grinder is heavily wounded.
You constrict Grinder.
You tentacle-slap Grinder but do no damage.
Grinder is heavily wounded.
You constrict Grinder, but do no damage.
Grinder hits you!
* * * LOW HITPOINT WARNING * * *
You are too injured to fight recklessly!
Drink which item? (? for menu, Esc to quit)
It was a potion of magic.
Magic courses through your body.
Xom thinks this is hilarious!
You constrict Grinder. Grinder barely misses you.
Drink which item? (? for menu, Esc to quit)
You feel better.
You constrict Grinder.
Drink which item? (? for menu, Esc to quit)
You feel better.
You constrict Grinder, but do no damage.
Grinder hits you!
You die...
Xom guffaws!

#####...##.####........####..##
##.###.# #........####...# #.#
#.# #...............# #.# #.#
#.....)..#####... #.# #.#
####....## #.#. ###.###.#
#.#### #... ........#######.#
##.. #######.....4##.# #..
#....<.....@.##.##########..
#.#.......#..##.#....#......
#.#####...#..##.#....#.####.
#.........#..##.............
#######.....)##.#....#.#####
#######.###.#.####.#####
............#.# #......
########.####.# ######.
##.####.###### #.


You could see Grinder the red devil.

Vanquished Creatures
  A scorpion (D:4)
  An orc priest (D:3)
  A hound skeleton (D:4)
  8 gnolls
  6 adders
  An ooze (D:2)
  A worm (D:2)
  2 giant geckos
  7 orcs (D:3)
  3 giant cockroaches
  7 goblins
  11 hobgoblins
  4 jackals
  2 quokkas
  7 bats
  2 giant newts
  9 kobolds
  7 rats
80 creatures vanquished.

Vanquished Creatures (collateral kills)
  A phantom (D:4)
  A worker ant (D:4)
2 creatures vanquished.

Grand Total: 82 creatures vanquished

Notes
Turn   | Place    | Note
--------------------------------------------------------------
     0 | D:1      | Reinor the Octopode Chaos Knight began the quest for the Orb.
     0 | D:1      | Reached XP level 1. HP: 16/16 MP: 1/1
   134 | D:1      | Found a glowing golden altar of the Shining One.
   179 | D:1      | Reached XP level 2. HP: 21/21 MP: 2/2
   231 | D:1      | XOM: divination: magic mapping
   375 | D:1      | XOM: 1-stop teleportation journey
   430 | D:1      | XOM: colour smoke trail
   535 | D:1      | Reached skill level 4 in Unarmed Combat
   599 | D:1      | Reached XP level 3. HP: 22/26 MP: 3/3
   890 | D:2      | XOM: noise
   909 | D:2      | XOM: mild Chrm miscast
   927 | D:2      | XOM: silly message
   940 | D:2      | Found a faded altar to an unknown god.
  1048 | D:2      | Reached XP level 4. HP: 31/31 MP: 4/4
  1094 | D:2      | Reached skill level 5 in Unarmed Combat
  1166 | D:2      | XOM: stat loss: -1 Dex (11/12)
  1490 | D:3      | Found a bloodstained altar of Trog.
  1490 | D:3      | Found an iron altar of Okawaru.
  1502 | D:3      | Found a shattered altar of Ashenzari.
  1704 | D:3      | Reached XP level 5. HP: 36/36 MP: 5/5
  1775 | D:3      | Reached skill level 1 in Stealth
  2003 | D:3      | Found an oddly glowing altar of Pakellas.
  2110 | D:4      | Noticed a phantom
  2112 | D:4      | XOM: medium Tloc miscast
  2120 | D:4      | XOM: summons 2 hostile demons
  2122 | D:4      | XOM: confusion (+ monsters)
  2345 | D:4      | XOM: medium Pois miscast
  2360 | D:4      | XOM: summons 5 friendly demons
  2363 | D:4      | Killed a phantom
  2363 | D:4      | Reached XP level 6. HP: 9/42 MP: 6/6
  2369 | D:4      | Reached skill level 5 in Stealth
  2439 | D:4      | Noticed Grinder
  2464 | D:3      | XOM is BORED!
  2464 | D:3      | XOM: give mutations
  2464 | D:3      | Gained mutation: Scrolls take you a little longer to read. [Xom's mischief]
  2464 | D:3      | Gained mutation: Potions and wands are less effective at restoring your health. [Xom's mischief]
  2616 | D:4      | Noticed Grinder
  2616 | D:4      | Grinder changed into Grinder the red devil
  2616 | D:4      | XOM: polymorph Grinder -> Grinder the red devil
  2662 | D:3      | XOM: 2-stop teleportation journey
  2896 | D:4      | Reached skill level 6 in Stealth
  2932 | D:4      | XOM: 1-stop teleportation journey
  2996 | D:4      | XOM: divination: detect items
  3015 | D:4      | Reached skill level 7 in Stealth
  3057 | D:4      | Slain by Grinder the red devil

Vault maps used:
D:1:      minmay_arrival_plants_in_alcoves, tso_metal_star
D:2:      ecumenical_altar_2, minmay_misc_feat_plants, kennysheep_generic_room_4
D:3:      old_standard_altar, gammafunk_temple_overflow_pools,
          grunt_pakellas_sulfur
D:4:      uniq_grinder

Action                   |  1- 3 |  4- 6 || total
-------------------------+-------+-------++-------
Melee: Unarmed           |    59 |   135 ||   194
  Use: Scroll            |     6 |     3 ||     9
       Potion            |       |     5 ||     5
 Stab: Sleeping          |     1 |     6 ||     7
       Distracted        |       |     2 ||     2
  Eat: Chunk             |       |     7 ||     7
